 Dungeon Crawl Stone Soup version 0.17.0-23-g0de4337 (webtiles) character file.

67 septik the Digger (level 4, -6/24 HPs)
             Began as a Gargoyle Earth Elementalist on Nov 13, 2015.
             Mangled by an ogre
             ... wielding a cursed -2 giant club
              (29 damage)
             ... on level 4 of the Dungeon.
             The game lasted 00:03:48 (1801 turns).

septik the Digger (Gargoyle Earth Elementalist)     Turns: 1801, Time: 00:03:49

Health: -6/24      AC:  6    Str: 12    XL:     4   Next: 16%
Magic:  8/9        EV: 12    Int: 16    God:
Gold:   92         SH:  0    Dex: 10    Spells: 3 memorised, 3 levels left

rFire  . . .     SeeInvis .     b - 98 stones
rCold  . . .     Clarity  .     j - +0 robe
rNeg   + . .     SustAt   .     (no shield)
rPois  ∞         Gourm    .     (no helmet)
rElec  +         Spirit   .     (no cloak)
rCorr  .         Warding  .     (no gloves)
rMut   .         Stasis   .     f - +0 pair of boots
MR     .....                    (no amulet)
Stlth  ++........               (no ring)
                                (no ring)

@: not resistant to hostile enchantments, unstealthy
A: negative energy resistance 1, electricity resistance, unbreathing,
petrification resistance, rot immunity, AC +3
a: no special abilities


You were on level 4 of the Dungeon.
You were not hungry.

You visited 1 branch of the dungeon, and saw 4 of its levels.

You collected 92 gold pieces.

Inventory:

Hand Weapons
 a - a +0 whip of electrocution
 e - a +0 club
Missiles
 b - 98 stones (in hand)
Armour
 f - a +0 pair of boots (worn)
 j - a +0 robe (worn)
Wands
 p - a wand of draining (5)
Scrolls
 i - a scroll of teleportation {unknown}
 l - 5 scrolls of identify {unknown}
 n - 3 scrolls of remove curse {unknown}
Potions
 g - a potion of brilliance {unknown}
 m - 2 potions of curing {unknown}
 q - a potion of resistance {unknown}
 r - a potion of cure mutation {unknown}
Books
 c - a book of Geomancy

   Spells                             Type                      Level
   a - Sandblast                      Earth                        1
   b - Stoneskin                      Transmutation/Earth          2
   c - Passwall                       Transmutation/Earth          3
   d - Stone Arrow                    Conjuration/Earth            3
   e - Petrify                        Transmutation/Earth          4
   f - Lee's Rapid Deconstruction     Earth                        5
Comestibles
 d - a bread ration
 h - 3 meat rations
 k - 2 chunks of flesh
 o - 3 fruits


   Skills:
 - Level 1.5 Dodging
 - Level 2.1 Stealth
 * Level 3.4 Spellcasting
 - Level 0.7 Transmutations
 + Level 4.4 Earth Magic


You had 3 spell levels left.
You knew the following spells:

 Your Spells              Type           Power        Failure   Level  Hunger
a - Sandblast             Erth           ###...       3%          1    None
b - Stoneskin             Trmt/Erth      ##......     12%         2    ##.....
c - Stone Arrow           Conj/Erth      #.....       21%         3    ###....


Dungeon Overview and Level Annotations

Branches:
Dungeon (4/15)
 Temple: D:4-7

Altars:


Innate Abilities, Weirdness & Mutations

You are resistant to torment.
Your stone body is resilient (AC +3).
You are immune to poison.
You resist negative energy.
You are resistant to electric shocks.
You can survive without breathing.
You are immune to petrification.
You are immune to rotting.


Message History

l - 5 scrolls labeled TEINATHOODWU (gained 1)
An ogre comes into view. It is wielding a giant club.
Adjust (i)tems, (s)pells, or (a)bilities?
Adjust which item? (? for menu, Esc to quit)
j - a +0 whip of electrocution (weapon)
Adjust to which letter? (? for menu, Esc to quit)
a - a +0 whip of electrocution (weapon);
j - a +0 robe (worn)
Your +0 whip of electrocution stops crackling.
b - 99 stones (in hand)
The ogre shouts!
Casting: Sandblast
Confirm with . or Enter, or press ? or * to list all spells.
Aiming: Sandblast
Press: ? - help, Shift-Dir - straight line, f - ogre
Aim: an ogre, wielding a giant club The rocky blast hits the ogre.
The ogre is lightly wounded.
The ogre hits you with a giant club!!
Ouch! That really hurt!
You die...

# #.####
#..O.# #@#
#.# #.# #
#.# #.
#.### #.#
#.#.# ..##
#..#
#.#####.#†#
#
#.......#.#


You could see an ogre.

Vanquished Creatures
  3 adders
  2 giant geckos (D:1)
  An orc (D:3)
  5 giant cockroaches
  6 goblins
  A hobgoblin (D:2)
  A quokka (D:2)
  3 ball pythons
  5 bats
  3 giant newts
  6 kobolds
  3 rats
39 creatures vanquished.

Notes
Turn   | Place    | Note
--------------------------------------------------------------
     0 | D:1      | septik the Gargoyle Earth Elementalist began the quest for the Orb.
     0 | D:1      | Reached XP level 1. HP: 10/10 MP: 3/3
   369 | D:1      | Reached XP level 2. HP: 7/15 MP: 3/5
   723 | D:2      | Reached skill level 4 in Earth Magic
   723 | D:2      | Reached XP level 3. HP: 19/19 MP: 7/7
   767 | D:2      | Learned a level 2 spell: Stoneskin
   771 | D:2      | Learned a level 3 spell: Stone Arrow
  1260 | D:2      | Found a faded altar to an unknown god.
  1698 | D:3      | Reached XP level 4. HP: 18/24 MP: 9/9
  1799 | D:4      | Noticed an ogre
  1801 | D:4      | Mangled by an ogre

Action                   |  1- 3 |  4- 6 || total
-------------------------+-------+-------++-------
Melee: Club              |    23 |       ||    23
       Unarmed           |     2 |       ||     2
       Whip              |    85 |     7 ||    92
 Cast: Sandblast         |     2 |     1 ||     3
 Stab: Sleeping          |     7 |     2 ||     9
  Eat: Chunk             |     3 |       ||     3
